 Dungeon Crawl Stone Soup version 0.24.1-8-ga250c9d538 (webtiles) character file.

Game seed: 13403313719696734216, levelgen mode: deterministic

2923 Amplified the Digger (level 9, -1/74 HPs)
             Began as a Demigod Earth Elementalist on Apr 29, 2020.
             Slain by Erica
             ... wielding a +0 scimitar of flaming
              (7 damage)
             ... on level 8 of the Dungeon.
             The game lasted 00:26:58 (7936 turns).

Amplified the Digger (Demigod Earth Elementalist)   Turns: 7936, Time: 00:26:58

Health: -1/74      AC:  5    Str: 13    XL:     9   Next: 26%
Magic:  0/20       EV: 14    Int: 23    God:
Gold:   459        SH:  0    Dex: 12    Spells: 10/18 levels left

rFire    . . .     SeeInvis .   e - -1 mace (curse)
rCold    . . .     Gourm    .   (no shield)
rNeg     . . .     Faith    .   h - +2 robe (curse)
rPois    .         Spirit   +   (no helmet)
rElec    .         Reflect  .   p - +0 cloak (curse)
rCorr    .         Harm     .   (no gloves)
MR       .....                  (no boots)
Stlth    +.........             g - amulet of guardian spirit
HPRegen  0.22/turn              l - -4 ring of dexterity (curse)
MPRegen  0.17/turn              f - ring of attention (curse)

@: very slightly contaminated
A: high mp 1
a: no special abilities


You were on level 8 of the Dungeon.
You were not hungry.

You visited 2 branches of the dungeon, and saw 10 of its levels.
You also visited: Sewer.

You collected 459 gold pieces.

Inventory:

Hand Weapons
 e - a cursed -1 mace (weapon)
 i - a +0 morningstar of venom
 n - the +8 halberd "Faettol" {chop, *Slow rN+ SInv}
   (You found it on level 7 of the Dungeon)

   It inflicts extra damage upon your enemies.
   It protects you from negative energy.
   It lets you see invisible.
   It may slow you when you take damage.
Missiles
 q - a poisoned dart (quivered)
 x - 35 stones
Armour
 h - a cursed +2 robe (worn)
 o - a +0 helmet
 p - a cursed +0 cloak (worn)
Jewellery
 a - an uncursed ring of positive energy
 f - a cursed ring of attention (right hand)
 g - an amulet of guardian spirit (around neck)
 l - a cursed -4 ring of dexterity (left hand)
Wands
 k - a wand of digging (5)
Potions
 m - a potion of flight
 v - a potion of agility
Comestibles
 c - 4 chunks of flesh
 d - 14 rations


   Skills:
 * Level 5.2 Fighting
 * Level 5.2 Armour
 * Level 5.6 Dodging
 - Level 1.7 Stealth
 * Level 5.2 Spellcasting
 - Level 0.8 Transmutations
 * Level 6.0 Earth Magic


You had 10 spell levels left.
You knew the following spells:

 Your Spells              Type           Power        Failure   Level  Hunger
a - Sandblast             Erth           ####..       1%          1    None
b - Passwall              Tmut/Erth      ###.....     3%          2    None
c - Stone Arrow           Conj/Erth      ###...       9%          3    ##.....
d - Apportation           Tloc           #.....       10%         1    None
e - Confusing Touch       Hex            #.....       10%         1    None

Your spell library contained the following spells:

 Spells                   Type           Power        Failure   Level  Hunger
 Animate Skeleton         Necr           N/A          10%         1    None
 Summon Small Mammal      Summ           #...         10%         1    None
 Petrify                  Tmut/Erth      ###.....     22%         4    ####...
 Lee's Rapid Deconstruct  Erth           ####......   22%         5    #####..


Dungeon Overview and Level Annotations

Branches:
Dungeon (9/15)             Temple (1/1) D:5            Lair (0/6) D:8
  Sewer (visited)
    Orc: D:9-12

Annotations:
D:8 Erica, Prince Ribbit
D:9 Erolcha


Innate Abilities, Weirdness & Mutations

You have an increased reservoir of magic. (+10% MP)


Message History

Press: ? - help, Shift-Dir - straight line The stone arrow hits something!
Something completely misses you.
Okay, then.
Casting: Stone Arrow (safe; 9% risk of failure)
Confirm with . or Enter, or press ? or * to list all spells.
Aiming: Sandblast (safe; 1% risk of failure)
Press: ? - help, Shift-Dir - straight line
x - 36 stones Something hits you.
* * * LOW HITPOINT WARNING * * *
Something burns you.
* * * LOW HITPOINT WARNING * * *
Casting: Sandblast (safe; 1% risk of failure)
Confirm with . or Enter, or press ? or * to list all spells.
Aiming: Sandblast (safe; 1% risk of failure)
Press: ? - help, Shift-Dir - straight line The blast of sand hits something.
x - 35 stones Something hits you!
You die...

######## ##.## ##.## #..#
##.## ##.## ***
#**####...### *****,,
##.##........#***,,,,,,
#.....{_...#....,,,,,,,
*#.....@8_..##....,,,,,,
#......._...#*.#..,,,,,,
*#..........##*,#,.,,,,,,
*.........### *,*,,,,,,,,
*######.### ********,,*
##* ****


There were no monsters in sight!

Vanquished Creatures
  A jumping spider (D:8)
  Menkaure (D:5)
  Duvessa (D:5)
  Purgy (Sewer)
  A sky beast (D:9)
  2 ogres
  2 phantoms
  A centaur (D:5)
  A big kobold (D:8)
  4 bullfrogs
  A water moccasin zombie (D:8)
  Dowan (D:5)
  A scorpion (D:9)
  3 killer bees (D:9)
  3 crimson imps
  5 hounds
  2 bullfrog zombies
  2 orc priests (D:4)
  9 orc wizards
  2 bullfrog skeletons
  A gnoll shaman (D:9)
  A centaur skeleton (D:4)
  An iguana (D:8)
  Terence (D:2)
  6 worker ants
  A hound skeleton (D:9)
  8 adders
  4 gnolls
  2 shadow imps
  2 worms
  7 dart slugs
  6 leopard geckos
  22 orcs
  3 ball pythons
  17 giant cockroaches
  7 hobgoblins
  9 jackals
  12 kobolds
  4 quokkas
  9 bats
  13 frilled lizards
  4 goblins
  9 rats
193 creatures vanquished.

Notes
Turn   | Place    | Note
-------+----------+-------------------------------------------
     0 | D:1      | Amplified the Demigod Earth Elementalist began the quest
                  | for the Orb.
     0 | D:1      | Reached XP level 1. HP: 14/14 MP: 5/5
   101 | D:1      | Reached XP level 2. HP: 22/22 MP: 1/7
   648 | D:1      | Reached skill level 3 in Earth Magic
   716 | D:1      | Reached skill level 1 in Armour
   716 | D:1      | Reached XP level 3. HP: 26/27 MP: 4/8
   786 | D:2      | Reached skill level 1 in Fighting
   938 | D:2      | Learned a level 2 spell: Passwall
   947 | D:2      | Learned a level 3 spell: Stone Arrow
  1004 | D:2      | Reached XP level 4. HP: 28/35 MP: 3/10
  1074 | D:2      | Noticed Terence
  1426 | D:3      | Reached XP level 5. HP: 41/41 MP: 9/11
  1560 | D:4      | You fall into a shaft and drop 3 floors!
  1672 | D:7      | Got a warped halberd
  1806 | D:6      | Noticed an ogre
  1915 | D:6      | Reached XP level 6. HP: 48/48 MP: 1/13
  1954 | D:6      | Found a glowing drain.
  2081 | D:5      | Entered Level 5 of the Dungeon
  2123 | Sewer    | Entered a sewer
  2124 | Sewer    | Identified the +8 halberd "Faettol" {chop, *Slow rN+ SInv}
                  | (You found it on level 7 of the Dungeon)
  2156 | Sewer    | Noticed Purgy
  2181 | Sewer    | Killed Purgy
  2229 | Sewer    | Reached skill level 4 in Earth Magic
  2464 | D:5      | Noticed Menkaure
  2475 | D:5      | Killed Menkaure
  2475 | D:5      | Reached XP level 7. HP: 45/57 MP: 5/15
  3000 | D:5      | Found a hide-covered altar of Uskayaw.
  3036 | D:5      | Noticed Duvessa
  3036 | D:5      | Noticed Dowan
  3043 | D:5      | Found a staircase to the Ecumenical Temple.
  3053 | Temple   | Entered the Ecumenical Temple
  3126 | D:5      | Killed Duvessa
  3147 | D:5      | Killed Dowan
  3305 | D:5      | Found an iron altar of Okawaru.
  3328 | D:5      | Found an ornate altar of the Wu Jian Council.
  3432 | D:6      | Reached XP level 8. HP: 66/66 MP: 8/17
  3819 | D:4      | Reached skill level 5 in Earth Magic
  3941 | D:4      | Found a burning altar of Makhleb.
  4196 | D:4      | Found a bloodstained altar of Trog.
  4198 | D:4      | Found a shadowy altar of Dithmenos.
  4198 | D:4      | Found a hazy altar of Hepliaklqana.
  4206 | D:4      | Found a shimmering altar of Xom.
  4206 | D:4      | Found a shimmering altar of Xom.
  4206 | D:4      | Found an ornate altar of the Wu Jian Council.
  4528 | D:3      | Learned a level 1 spell: Apportation
  4535 | D:3      | Learned a level 1 spell: Confusing Touch
  4809 | D:2      | Killed Terence
  5862 | D:7      | Reached skill level 5 in Dodging
  6299 | D:8      | Noticed Harold
  6313 | D:8      | Noticed Harold
  6313 | D:8      | Harold changed into Harold the yaktaur
  6316 | D:8      | Noticed Harold
  6316 | D:8      | Harold the yaktaur changed into Harold the jumping spider
  7059 | D:9      | Reached XP level 9. HP: 73/73 MP: 13/20
  7138 | D:9      | Noticed Erolcha
  7216 | D:8      | Reached skill level 5 in Spellcasting
  7365 | D:8      | Noticed Prince Ribbit
  7374 | D:8      | Reached skill level 5 in Armour
  7645 | D:8      | Found a staircase to the Lair.
  7701 | D:8      | Reached skill level 5 in Fighting
  7768 | D:8      | Killed Harold the jumping spider
  7768 | D:8      | Reached skill level 6 in Earth Magic
  7891 | D:8      | Found a stormy altar of Qazlal.
  7891 | D:8      | Found a glowing golden altar of the Shining One.
  7891 | D:8      | Found a burning altar of Makhleb.
  7891 | D:8      | Noticed Erica
  7936 | D:8      | Slain by Erica

Levels and vault maps discovered:
D:1:      erik_arrival_triangle_large, layout_loops_ring
D:2:      layout_basic, st_stairs_4, minmay_octomino_j4, uniq_terence
D:3:      minmay_roachtagon, layout_basic, first_ration
D:4:      layout_basic, doesnt_xom_only_xom, makhleb_blood_cavern_becter
D:5:      layout_basic, eat_drink_and_be_merry_uskayaw, lemuel_doored_altar,
          minmay_temple_entry_grid, basic_altar, uniq_menkaure, uniq_duvessa
D:6:      layout_loops_ring, portal_sewer_entry_f
D:7:      layout_basic, eino_small_chamber_without_monster, grunt_ogre_cave
D:8:      layout_cave_pods, chequers_temple_overflow_statue_of_worship,
          dpeg_oklobed_lair, st_stairs_10, chequers_avenue, uniq_prince_ribbit1,
          uniq_harold, uniq_erica
D:9:      layout_loops_ring, uniq_erolcha
Temple:   nicolae_temple_elliptical

Skill      XL: |  1  2  3  4  5  6  7  8  9 |
---------------+----------------------------+-----
Dodging        | 2 3 4 5 |  5.6
Spellcasting   | 2 3 4 5 |  5.2
Earth Magic    | 3 4 5 6 |  6.0
Armour         | 1 2 3 4 5 |  5.2
Fighting       | 1 2 3 4 5 |  5.2
Stealth        | |  1.7
Transmutations | |  0.8

Action                   |  1- 3 |  4- 6 |  7- 9 || total
-------------------------+-------+-------+-------++-------
Melee: Club              |    23 |       |       ||    23
       Mace              |     7 |    65 |   323 ||   395
Throw: Throwing net      |       |       |     3 ||     3
 Cast: Sandblast         |    61 |    79 |    76 ||   216
       Passwall          |       |     1 |       ||     1
       Stone Arrow       |       |       |   111 ||   111
       Confusing Touch   |       |       |     5 ||     5
Evoke: Wand              |       |       |     9 ||     9
  Use: Potion            |     3 |    10 |    17 ||    30
       Scroll            |     3 |     6 |    13 ||    22
  Eat: Chunk             |     1 |     2 |    14 ||    17
       Ration            |       |     1 |     3 ||     4
Armor: Robe              |     7 |    16 |    96 ||   119
       Skin              |       |    82 |       ||    82
Dodge: Dodged            |    26 |    70 |   419 ||   515
